 Dungeon Crawl Stone Soup version 0.21.1-1-g345015fe64 (webtiles) character file.

399 Jerry the Shield-Bearer (level 7, -6/55 HPs)
             Began as a Formicid Fighter on Mar 18, 2018.
             Mangled by an ogre
             ... wielding a +0 giant club
              (21 damage)
             ... on level 3 of the Dungeon.
             The game lasted 00:05:32 (2921 turns).

Jerry the Shield-Bearer (Formicid Fighter)          Turns: 2921, Time: 00:05:33

Health: -6/55      AC:  4    Str: 22    XL:     7   Next: 10%
Magic:  7/7        EV: 11    Int:  8    God:
Gold:   145        SH:  0    Dex: 10    Spells: 6/6 levels left

rFire    . . .     SeeInvis +   a - +0 war axe
rCold    . . .     Gourm    .   (no shield)
rNeg     . . .     Faith    .   q - +0 troll leather armour {Purgy}
rPois    .         Spirit   .   (helmet unavailable)
rElec    .         Reflect  .   (no cloak)
rCorr    .         Harm     .   (no gloves)
MR       .....                  (no boots)
Stlth    +.........             (no amulet)
HPRegen  0.58/turn              p - ring of wizardry
MPRegen  0.10/turn              (no ring)

@: no status effects
A: permanent stasis, dig shafts and tunnels, four strong arms, antennae 3
a: Dig, Shaft Self


You were on level 3 of the Dungeon.
You were not hungry.

You visited 1 branch of the dungeon, and saw 3 of its levels.

You collected 145 gold pieces.

Inventory:

Hand Weapons
 a - a +0 war axe (weapon)
Armour
 b - a +0 scale mail
 c - a +0 shield
 i - a +2 large shield
 q - a +0 troll leather armour (worn) {Purgy}
Jewellery
 p - a ring of wizardry (left hand)
Scrolls
 e - 3 scrolls of remove curse {unknown}
 g - 4 scrolls of identify {unknown}
 h - a scroll of noise {unknown}
 k - a scroll of enchant armour {unknown}
 l - a scroll of amnesia {unknown}
 m - a scroll of random uselessness {unknown}
 o - a scroll of magic mapping {unknown}
Potions
 d - a potion of might
 j - a potion of curing {unknown}
 n - a potion of invisibility {unknown}
 s - a potion of haste {unknown}
Comestibles
 f - 3 rations
 r - a chunk of flesh


   Skills:
 + Level 4.6 Fighting
 * Level 4.6 Axes
 + Level 4.7 Armour
 + Level 5.0 Shields


You had 6 spell levels left.
You didn't know any spells.

Dungeon Overview and Level Annotations

Branches:
Dungeon (3/15)

Altars:
Hepliaklqana


Innate Abilities, Weirdness & Mutations

You cannot be hasted, slowed, berserked, paralysed or teleported.
You can dig through walls and to a lower floor.
Your four strong arms can wield two-handed weapons with a shield.
You have a pair of large antennae on your head. (SInv)


Message History

The ogre is lightly wounded.
The ogre barely misses you.
You hit the ogre.
The ogre is lightly wounded.
The ogre hits you with a giant club!
* * * LOW HITPOINT WARNING * * *
You hit the ogre.
The ogre is heavily wounded.
The ogre hits you with a giant club.
* * * LOW HITPOINT WARNING * * *
You closely miss the ogre.
The ogre is heavily wounded.
The ogre closely misses you.
You barely miss the ogre.
The ogre is heavily wounded.
The ogre barely misses you.
You slash the ogre!
The ogre is almost dead.
The ogre hits you with a giant club!!
You die...

....##...###############
.......................#
....##...#############.#
....##...# #.#
....##...# #.#
######...#############.#
#...................#
##.....##############
#.....# #...@O..#
#####.....###.#####.#
...............>#
###.##(.........#
#.###########.# #.# #.#
#.# #.# #.# #.# #.# #.#


You could see an ogre.

Vanquished Creatures
  The ghost of melenkurio the Magician, an amateur DEAE (D:3)
  Purgy (D:3)
  A quasit (D:2)
  An orc wizard (D:3)
  3 adders
  2 dart slugs (D:2)
  A leopard gecko (D:2)
  4 orcs (D:3)
  3 bats (D:1)
  4 giant cockroaches
  3 goblins
  7 hobgoblins
  4 jackals
  2 quokkas
  A ball python (D:1)
  5 frilled lizards
  3 kobolds
  11 rats
57 creatures vanquished.

Notes
Turn   | Place    | Note
-------+----------+-------------------------------------------
     0 | D:1      | Jerry the Formicid Fighter began the quest for the Orb.
     0 | D:1      | Reached XP level 1. HP: 18/18 MP: 1/1
   203 | D:1      | Reached XP level 2. HP: 22/24 MP: 2/2
   757 | D:2      | Reached XP level 3. HP: 8/29 MP: 3/3
  1077 | D:2      | Found a hazy altar of Hepliaklqana.
  1173 | D:2      | Reached skill level 4 in Shields
  1361 | D:2      | Reached XP level 4. HP: 31/37 MP: 4/4
  2073 | D:3      | Reached XP level 5. HP: 26/42 MP: 5/5
  2413 | D:3      | Noticed melenkurio's ghost (amateur DEAE)
  2421 | D:3      | Killed melenkurio's ghost
  2421 | D:3      | Reached XP level 6. HP: 34/49 MP: 6/6
  2598 | D:3      | Noticed Purgy
  2632 | D:3      | Killed Purgy
  2632 | D:3      | Reached skill level 5 in Shields
  2632 | D:3      | Reached XP level 7. HP: 10/55 MP: 7/7
  2921 | D:3      | Mangled by an ogre

Skill      XL: |  1  2  3  4  5  6 |
---------------+-------------------+-----
Shields        | 4 5 |  5.0
Axes           | 3 4 |  4.6
Armour         | 4 |  4.7
Fighting       | 4 |  4.6

Action                   |  1- 3 |  4- 6 |  7- 9 || total
-------------------------+-------+-------+-------++-------
Melee: War axe           |   130 |   109 |    22 ||   261
  Use: Potion            |     2 |     2 |       ||     4
  Eat: Chunk             |     2 |     3 |     2 ||     7
Armor: Scale mail        |    83 |   124 |       ||   207
       Skin              |     4 |       |       ||     4
       Troll leather arm |       |       |     3 ||     3
Dodge: Dodged            |    67 |   116 |    15 ||   198
Block: Shield            |    27 |       |       ||    27
